 Dungeon Crawl Stone Soup version 0.29.1-2-gbd0b4ee654 (console) character file.

Game seed: 9562788538772019567

30362 om the Bludgeoner (level 13, -13/122 HPs)
             Began as a Troll Berserker on Oct 27, 2022.
             Was a High Priest of Trog.
             Mangled by an orc warrior
             ... wielding a +0 glaive
              (29 damage)
             ... on level 1 of the Orcish Mines.
             The game lasted 00:40:02 (12607 turns).

om the Bludgeoner (Troll Berserker)                Turns: 12607, Time: 00:40:03

Health: -13/122    AC: 11    Str: 27    XL:     13   Next: 20%
Magic:  12/12      EV: 11    Int:  3    God:    Trog [*****.]
Gold:   694        SH:  5    Dex: 11    Spells: 12/12 levels left

rFire   . . .      SeeInvis .   M - +0 giant spiked club
rCold   + . .      Faith    .   (shield currently unavailable)
rNeg    + . .      Spirit   .   H - +0 acid dragon scales
rPois   .          Reflect  +   (helmet restricted)
rElec   .          Harm     .   C - +0 cloak
rCorr   +          Rampage  .   (gloves unavailable)
Will    +....                   (boots unavailable)
Stlth   +.........              N - amulet of reflection
HPRegen 1.10/turn               o - ring of Avvutymu {rC+ rN+ rCorr Str-3}
MPRegen 0.13/turn               t - ring of willpower

@: on berserk cooldown, slowed, very slow
A: large, unfitting armour, claws 3, regeneration 1, shaggy fur 1, tough skin 1
a: Renounce Religion, Berserk, Trog's Hand, Brothers in Arms


You were on level 1 of the Orcish Mines.
You worshipped Trog.
Trog was extremely pleased with you.
You visited 2 branches of the dungeon, and saw 15 of its levels.

You collected 1009 gold pieces.
You spent 315 gold pieces at shops.

Inventory:

Hand Weapons
 v - a +5 dire flail of flaming
 M - a +0 giant spiked club (weapon)
Missiles
 I - 7 large rocks (quivered)
Armour
 b - a +0 animal skin
 C - a +0 cloak (worn)
 D - the +1 robe of Beogh's Fury {Dex+5}
   (You found it on level 9 of the Dungeon)

   Dex:       It affects your dexterity (+5).
 H - +0 acid dragon scales (worn)
Jewellery
 l - a +6 ring of intelligence
 n - a ring of protection from cold
 o - the ring of Avvutymu (left claw) {rC+ rN+ rCorr Str-3}
   (You found it on level 6 of the Dungeon)

   [ring of positive energy]

   Str:       It affects your strength (-3).
   rC:        It protects you from cold.
   rN:        It protects you from negative energy.
   rCorr:     It protects you from acid and corrosion.
 t - a ring of willpower (right claw)
 J - a ring of magical power
 N - an amulet of reflection (around neck)
Wands
 u - a wand of paralysis (23)
 y - a wand of roots (5)
 F - a wand of polymorph (4)
Scrolls
 a - 3 scrolls of teleportation
 c - 3 scrolls of magic mapping
 d - 2 scrolls of butterflies
 f - 3 scrolls of enchant weapon
 g - 2 scrolls of summoning
 h - 2 scrolls of vulnerability
 j - a scroll of brand weapon
 s - 3 scrolls of poison
 x - a scroll of enchant armour
 A - 2 scrolls of fear
 E - a scroll of acquirement
 K - a scroll of immolation {unknown}
 L - a scroll of blinking
Potions
 i - a potion of lignification
 m - 2 potions of ambrosia
 p - a potion of berserk rage
 w - a potion of cancellation
 z - 2 potions of flight
 B - 2 potions of haste
 G - 3 potions of heal wounds
Miscellaneous
 r - a piece from Xom's chessboard (15/15)


   Skills:
 - Level 6.5 Fighting
 * Level 18.1 Maces & Flails
 + Level 4.5 Throwing
 + Level 6.4 Armour
 + Level 7.4 Dodging
 - Level 4.0 Evocations


You had 12 spell levels left.
You didn't know any spells.
Your spell library was empty.

Dungeon Overview and Level Annotations

Branches:
Dungeon (14/15)            Temple (0/1) D:5            Lair (0/5) D:9
    Orc (1/2) D:9          Vaults (0/5) D:14

Altars:
Cheibriados
Dithmenos
Elyvilon
Fedhas
Gozag
Hepliaklqana
Kikubaaqudgha
Wu Jian
Xom
The Shining One

Shops:
D:4 ?   D:9 [   D:10 *

Annotations:
D:12 3 runed translucent doors


Innate Abilities, Weirdness & Mutations

You are too large for most types of armour.
You have claws for hands.
Your natural rate of healing is unusually fast.
You are covered in fur. (AC +1)
You have tough skin. (AC +1)


Message History

Aim: an orc warlord, wielding a +3 war axe of electrocution and wearing a +2 chain mail of fire resistance (lightly wounded) Attack!
Your two-headed ogre hits the orc warlord with a +0 giant club!!
Your two-headed ogre hits the orc warlord with a +0 giant spiked club!!
The orc warrior hits you but does no damage.
The orc warlord hits your two-headed ogre with a +3 war axe of electrocution!!!
The orc warlord closely misses you.
You hit the orc warlord.
The orc warlord is severely wounded.
Your two-headed ogre hits the orc warlord with a +0 giant club!!!
The orc warlord dies!
Trog accepts your kill. You block the orc warrior's attack.
The orc warrior unwields a +0 arbalest.
The orc warrior wields a +0 glaive.
The orc warrior hits you with a +0 glaive!
Your two-headed ogre closely misses the orc warrior.
Your two-headed ogre completely misses the orc warrior.
You impale the orc warrior!!
The orc warrior is almost dead.
The orc warrior barely misses you. The orc warrior misses you.
The orc warrior hits you with a +0 glaive!!
The orc warrior hits you from afar with a +0 glaive!
The orc warrior hits your two-headed ogre with a +0 short sword!
The orc warrior misses you. The orc warrior barely misses you.
The orc warrior hits your two-headed ogre with a +0 battleaxe!
You swap places.
Your two-headed ogre closely misses the orc warrior. x2
The orc warrior misses you.
The orc warrior hits you with a +0 battleaxe!!
* * * LOW HITPOINT WARNING * * *
The orc warrior barely misses your two-headed ogre.
The orc warrior hits you with a +0 glaive.
* * * LOW HITPOINT WARNING * * *
You block the orc warrior's attack. The orc warrior closely misses you.
Your two-headed ogre closely misses the orc warrior.
Your two-headed ogre hits the orc warrior with a +0 giant spiked club!
The orc warrior dies!
Trog accepts your kill.
The orc warrior hits you with a +0 glaive!!
You die...

##.......##
##.........#
#............ #
##............
#.##.#...........
....$............
#.#...)))......$.
......)>Oo.......
........@...$....
........ooo......
.................
##########.######
.# .. ..# ..# ..#


You could see 4 orc warriors and a friendly two-headed ogre (summoned, berserk).

Vanquished Creatures
  2 vault guards (D:14)
  3 boulder beetles
  A centaur warrior (D:14)
  A two-headed ogre (D:14)
  Erica (D:9)
  A wizard (D:14)
  An orc knight (Orc:1)
  A deep elf pyromancer (D:14)
  2 necromancers (D:14)
  2 cyclopes (D:13)
  A manticore (D:12)
  10 ugly things
  3 gargoyles
  Joseph (D:7)
  2 kobold demonologists
  An unseen horror (D:11)
  A komodo dragon (D:12)
  A troll (D:11)
  A wind drake (shapeshifter) (D:13)
  Prince Ribbit (D:7)
  3 shadows
  A wyvern (D:11)
  A vampire (D:12)
  4 wraiths
  18 yaks
  16 humans (D:14)
  A steam dragon (D:8)
  9 vampire mosquitoes
  A water moccasin (D:7)
  4 acid dragons
  An ice beast (D:7)
  7 orc warriors
  A black bear (D:8)
  7 ogres
  5 centaurs
  3 kobold brigands
  A necrophage (D:6)
  4 bullfrogs (D:8)
  A gnoll sergeant (D:6)
  2 scorpions
  8 wights
  15 killer bees
  An electric eel (D:14)
  A howler monkey (D:10)
  A hound (D:5)
  3 jellies
  11 orc priests
  2 gnoll boudas
  An iron imp (D:9)
  11 orc wizards
  5 iguanas
  6 adders
  12 gnolls
  A shadow imp (D:6)
  A white imp (D:7)
  3 worms
  A dart slug (D:3)
  59 orcs
  2 ball pythons (D:3)
  6 endoplasms
  2 giant cockroaches
  6 goblins
  8 hobgoblins
  15 jackals
  5 quokkas
  5 bats
  6 frilled lizards
  11 kobolds
  5 rats
340 creatures vanquished.

Vanquished Creatures (collateral kills)
  An orc warlord (Orc:1)
  A necromancer (D:14)
  3 humans (D:14)
  An orc warrior (Orc:1)
6 creatures vanquished.

Vanquished Creatures (others)
  An orc (Orc:1)
1 creature vanquished.

Grand Total: 347 creatures vanquished

Notes
Turn   | Place    | Note
-------+----------+-------------------------------------------
     0 | D:1      | om the Troll Berserker began the quest for the Orb.
     0 | D:1      | Reached XP level 1. HP: 22/22 MP: 0/0
   117 | D:1      | Reached XP level 2. HP: 29/29 MP: 1/1
   139 | D:1      | Reached skill level 3 in Maces & Flails
   367 | D:1      | Found a faded altar of an unknown god.
   438 | D:1      | Reached ** piety under Trog
   469 | D:1      | Reached XP level 3. HP: 36/36 MP: 2/2
   961 | D:2      | Reached XP level 4. HP: 40/45 MP: 3/3
  1670 | D:3      | Reached skill level 4 in Maces & Flails
  1673 | D:3      | Reached XP level 5. HP: 41/53 MP: 4/4
  2095 | D:3      | Paralysed by a hobgoblin for 4 turns
  2408 | D:3      | Found a white marble altar of Elyvilon.
  2417 | D:3      | Found a glowing golden altar of the Shining One.
  2574 | D:4      | Reached skill level 5 in Maces & Flails
  2656 | D:4      | Reached *** piety under Trog
  2883 | D:4      | Reached XP level 6. HP: 61/61 MP: 5/5
  2980 | D:4      | Found Xoilecs's Magic Scroll Shop.
  2986 | D:4      | Bought a scroll of blinking for 97 gold pieces
  2986 | D:4      | Bought 3 scrolls of identify for 78 gold pieces
  3297 | D:5      | Entered Level 5 of the Dungeon
  3323 | D:5      | Reached skill level 6 in Maces & Flails
  3323 | D:5      | Found a shadowy altar of Dithmenos.
  3323 | D:5      | Found an ancient bone altar of Kikubaaqudgha.
  3325 | D:5      | Found an ornate altar of the Wu Jian Council.
  3505 | D:5      | Found a staircase to the Ecumenical Temple.
  3612 | D:5      | Reached XP level 7. HP: 67/67 MP: 6/6
  3778 | D:5      | Reached skill level 7 in Maces & Flails
  3796 | D:5      | Found a hazy altar of Hepliaklqana.
  3797 | D:5      | Found a shimmering altar of Xom.
  3797 | D:5      | Noticed a steam dragon
  3798 | D:5      | Noticed a spectral ugly thing
  4262 | D:6      | Reached skill level 8 in Maces & Flails
  4262 | D:6      | Reached skill level 1 in Evocations
  4368 | D:6      | Identified a scroll of acquirement
  4369 | D:6      | Acquired a manual of Maces & Flails
  4371 | D:6      | Reached skill level 14 in Maces & Flails
  4371 | D:6      | Reached XP level 8. HP: 84/84 MP: 7/7
  4401 | D:6      | Reached XP level 9. HP: 92/92 MP: 8/8
  4458 | D:6      | Identified the ring of Avvutymu {rC+ rN+ rCorr Str-3}
  4542 | D:6      | You fall into a shaft and drop 2 floors!
  4560 | D:7      | Identified the +0 leather armour of the Shining Light
                  | {*Slow rC+++ rN+++ Dex-3}
  4598 | D:7      | Noticed Joseph
  4606 | D:7      | Killed Joseph
  4607 | D:7      | Reached skill level 15 in Maces & Flails
  4670 | D:7      | Reached **** piety under Trog
  4807 | D:7      | Noticed Prince Ribbit
  4825 | D:7      | Killed Prince Ribbit
  5665 | D:8      | Reached XP level 10. HP: 80/100 MP: 9/9
  5697 | D:8      | Found a blossoming altar of Fedhas.
  6200 | D:9      | Identified the +1 robe of Beogh's Fury {Dex+5}
  6431 | D:9      | Found Doimyd's Antique Armour Shoppe.
  6456 | D:9      | Found a staircase to the Lair.
  6480 | D:9      | HP: 7/150 [orc/+2 whip of pain (2)]
  6482 | D:9      | Reached skill level 1 in Armour
  6661 | D:9      | Found a staircase to the Orcish Mines.
  6713 | D:9      | Noticed Erica
  6787 | D:9      | Reached ***** piety under Trog
  7098 | D:9      | Found a snail-covered altar of Cheibriados.
  7161 | D:9      | Killed Erica
  7174 | D:9      | Reached skill level 16 in Maces & Flails
  7366 | D:10     | Entered Level 10 of the Dungeon
  7542 | D:10     | Reached XP level 11. HP: 104/107 MP: 10/10
  7877 | D:10     | Found Totaix's Assorted Antiques.
  7885 | D:10     | Bought a scroll of identify for 56 gold pieces
  7885 | D:10     | Bought a scroll labelled IWAATI XENOJUKH for 28 gold pieces
  7885 | D:10     | Bought a scroll of identify for 56 gold pieces
  8645 | D:11     | Reached skill level 5 in Dodging
  8759 | D:11     | Noticed a boulder beetle
  8769 | D:11     | Killed a boulder beetle
  8827 | D:11     | Noticed a boulder beetle
  8844 | D:11     | Killed a boulder beetle
  9693 | D:11     | Found an opulent altar of Gozag.
 10331 | D:12     | Reached skill level 17 in Maces & Flails
 10356 | D:12     | Found a runed translucent gate.
 10356 | D:12     | Found a runed translucent gate.
 10356 | D:12     | Found a runed translucent gate.
 10356 | D:12     | Noticed a green ugly thing
 10356 | D:12     | Noticed a lindwurm
 10356 | D:12     | Noticed a lindwurm
 10356 | D:12     | Noticed a green ugly thing
 10357 | D:12     | Noticed a glowing orange brain
 10357 | D:12     | Noticed a purple ugly thing
 10358 | D:12     | Noticed a red ugly thing
 10358 | D:12     | Noticed an orb spider
 10358 | D:12     | a lindwurm changed into an orb spider
 10358 | D:12     | Noticed a purple ugly thing
 10359 | D:12     | Noticed a shock serpent
 10359 | D:12     | an orb spider changed into a shock serpent
 10361 | D:12     | a lindwurm changed into a redback
 10362 | D:12     | Noticed a deep troll
 10362 | D:12     | a redback changed into a deep troll
 10363 | D:12     | Noticed a swamp dragon
 10363 | D:12     | a shock serpent changed into a swamp dragon
 10364 | D:12     | a deep troll changed into an eye of devastation
 10365 | D:12     | Noticed a mana viper
 10365 | D:12     | an eye of devastation changed into a mana viper
 10365 | D:12     | a swamp dragon changed into a yaktaur
 10366 | D:12     | a mana viper changed into a torpor snail
 10525 | D:12     | Noticed a glowing orange brain
 10536 | D:12     | Noticed a wolf spider
 10536 | D:12     | a merfolk changed into a wolf spider
 10538 | D:12     | Noticed an anaconda
 10538 | D:12     | a wolf spider changed into an anaconda
 10539 | D:12     | Noticed a sea snake
 10539 | D:12     | an anaconda changed into a sea snake
 10546 | D:12     | a sea snake changed into a swamp worm
 10600 | D:13     | Identified the +3 ring mail of the Gloaming {rElec}
 10662 | D:13     | Noticed a soul eater
 10674 | D:13     | Reached XP level 12. HP: 115/115 MP: 11/11
 10792 | D:13     | Reached skill level 1 in Throwing
 10807 | D:13     | Noticed a boulder beetle
 10825 | D:13     | Killed a boulder beetle
 11146 | D:13     | Reached skill level 5 in Armour
 11406 | D:14     | Noticed a centaur warrior
 11484 | D:14     | Noticed a two-headed ogre
 11496 | D:14     | Killed a two-headed ogre
 12050 | D:14     | Found a gate to the Vaults.
 12050 | D:14     | Noticed a vault guard
 12050 | D:14     | Noticed a vault guard
 12054 | D:14     | Killed a vault guard
 12060 | D:14     | Killed a vault guard
 12180 | D:14     | Killed a centaur warrior
 12180 | D:14     | Received a gift from Trog
 12181 | D:14     | Reached XP level 13. HP: 112/122 MP: 12/12
 12230 | D:14     | Reached skill level 18 in Maces & Flails
 12578 | Orc:1    | Entered Level 1 of the Orcish Mines
 12597 | Orc:1    | Noticed an orc warlord
 12605 | Orc:1    | Killed an orc warlord
 12607 | Orc:1    | Mangled by an orc warrior

Illustrated notes

Levels and vault maps discovered:
D:1:      lemuel_arrival_muddy, layout_loops_ring,
          shapermc_ecumenical_altar_hornbeckon, corexii_item_surrounded_by_moat,
          serial_park_tiny_pond, minmay_misc_feat_iff, grunt_decor_resistance
D:2:      layout_basic, wad_floor_pattern_1
D:3:      layout_loops_ring, mainiacjoe_overflow_swirl
D:4:      layout_basic, serial_shops, shop
D:5:      layout_cave_pods, regret_index_temple_of_mockery,
          grunt_temple_overflow_open, minmay_temple_entry_offerings
D:6:      layout_rooms, minmay_joined_circles, uniq_maggie, uniq_edmund
D:7:      layout_basic, uniq_joseph, uniq_prince_ribbit1
D:8:      layout_rooms, fedhas_ov_isle_minmay, nicolae_elevator_lobby_plus
D:9:      layout_long_grid, slow_altar_2, lair_entry_dummy, hiddenorc2_lemuel,
          serial_shops, shop, uniq_erica
D:10:     layout_cave_pods, serial_shops, nicolae_shop_trees
D:11:     minmay_recursive_quarters, layout_loops_corners,
          nicolae_gozag_seed_capital
D:12:     layout_cave_pools, ploomutoo_gammafunk_ghost_potion_laboratory,
          kennysheep_generic_room_9
D:13:     layout_rooms, st_stairs_12
D:14:     lemuel_ogre_cave, layout_rooms, grunt_vaults_entry_tiered,
          serial_aquarium, aquarium_bridge_square [aquarium_subvault_wall,
          aquarium_subvault_bridge, aquarium_subvault_window,
          aquarium_subvault_bridge], aquarium_window_1, aquarium_window_1,
          aquarium_window_1, aquarium_view_2e, aquarium_pool_2,
          amethyst_killhole
Orc:1:    orc_temple, layout_caves

Skill      XL: |  1  2  3  4  5  6  7  8  9 10 11 12 13 |
---------------+----------------------------------------+-----
Maces & Flails | 3 4 5 6 14 15 16 17 18 | 18.1
Fighting       | 3 6 |  6.5
Dodging        | 3 4 6 7 |  7.4
Evocations     | 2 3 4 |  4.0
Armour         | 2 4 6 |  6.4
Throwing       | 4 |  4.5

Action                   |  1- 3 |  4- 6 |  7- 9 | 10-12 | 13-15 || total
-------------------------+-------+-------+-------+-------+-------++-------
Melee: Mace              |   122 |    17 |       |       |       ||   139
       Punch             |     1 |       |       |       |       ||     1
       Whip              |       |    94 |       |       |       ||    94
       Flail             |       |    88 |       |       |       ||    88
       Giant club        |       |       |   217 |   516 |       ||   733
       Giant spiked club |       |       |       |   166 |    44 ||   210
Throw: Large rock        |       |       |       |     1 |       ||     1
Invok: Berserk           |     1 |     4 |     8 |    15 |     1 ||    29
       Trog's Hand       |       |       |       |     2 |       ||     2
       Brothers in Arms  |       |       |       |     1 |     1 ||     2
Evoke: Wand              |       |       |     1 |     4 |     2 ||     7
  Use: Scroll            |     3 |     7 |     9 |    12 |       ||    31
       Potion            |       |     1 |     2 |     4 |     1 ||     8
 Stab: Sleeping          |     1 |     2 |       |       |       ||     3
       Paralysed         |       |       |       |     4 |       ||     4
Armor: Animal skin       |    72 |    79 |    38 |     5 |       ||   194
       Robe              |       |       |       |    63 |       ||    63
       Acid dragon scale |       |       |       |   140 |     4 ||   144
Dodge: Dodged            |    99 |   119 |   106 |   315 |    24 ||   663
Block: Other             |       |       |       |    26 |    13 ||    39
       Reflection        |       |       |       |     3 |     1 ||     4
